 Dungeon Crawl Stone Soup version 0.27-a0-1140-g099f9bb0e8 (webtiles) character file.

Game seed: 15298254889480265551

7979 maxwell1 the Carver (level 11, -5/86 HPs)
             Began as a Demonspawn Berserker on May 9, 2021.
             Was an Elder of Trog.
             Slain by a death yak (15 damage)
             ... on level 8 of the Dungeon.
             The game lasted 01:23:35 (9885 turns).

maxwell1 the Carver (Demonspawn Berserker)          Turns: 9885, Time: 01:23:35

Health: -5/86      AC: 25    Str: 21    XL:     11   Next: 3%
Magic:  11/11      EV: 11    Int:  8    God:    Trog [****..]
Gold:   654        SH:  4    Dex: 13    Spells: 10/10 levels left

rFire    . . .     SeeInvis .   C - +0 scimitar (protect)
rCold    . . .     Faith    .   J - +0 buckler
rNeg     . . .     Spirit   .   n - +1 plate armour
rPois    .         Reflect  .   (helmet restricted)
rElec    .         Harm     .   (no cloak)
rCorr    +         Rampage  .   z - +0 pair of gloves
Will     .....                  (no boots)
Stlth    ..........             (no amulet)
HPRegen  0.24/turn              t - ring of resist corrosion
MPRegen  0.12/turn              c - +4 ring of evasion

@: under a protective aura, on berserk cooldown
A: antennae 2, slimy green scales 1, foul stench 2, spiny 3
a: Renounce Religion, Berserk, Trog's Hand, Brothers in Arms


You were on level 8 of the Dungeon.
You worshipped Trog.
Trog was greatly pleased with you.
You visited 2 branches of the dungeon, and saw 9 of its levels.

You collected 654 gold pieces.

Inventory:

Hand Weapons
 k - a +0 falchion
 C - a +0 scimitar of protection (weapon)
Armour
 m - the +5 ring mail of Peuteria {rElec rPois}
   (You found it on level 7 of the Dungeon)

   It insulates you from electricity.
   It protects you from poison.
 n - a +1 plate armour (worn)
 z - a +0 pair of gloves (worn)
 J - a +0 buckler (worn)
Magical Staves
 d - a staff of death
Jewellery
 c - a +4 ring of evasion (right hand)
 e - a ring of protection from cold
 t - a ring of resist corrosion (left hand)
Wands
 b - a wand of digging (6)
 F - a wand of iceblast (3)
Scrolls
 j - a scroll of blinking
 o - 2 scrolls of vulnerability {unknown}
 p - 5 scrolls of identify
 E - a scroll of silence
Potions
 a - a potion of lignification
 f - 3 potions of curing
 g - a potion of cancellation {unknown}
 h - a potion of attraction {unknown}
 i - 2 potions of brilliance {unknown}
 q - a potion of degeneration {unknown}
 r - a potion of invisibility {unknown}
 u - a potion of haste


   Skills:
 + Level 7.9 Fighting
 + Level 11.0 Long Blades
 + Level 8.8 Armour
 + Level 3.6 Dodging
 + Level 1.1 Stealth
 + Level 1.1 Shields
 + Level 0.2 Evocations


You had 10 spell levels left.
You didn't know any spells.
Your spell library contained the following spells:

 Spells                   Type           Power      Damage    Failure   Level
 Animate Skeleton         Necr           0%         N/A       100%        1
 Pain                     Necr           0%         1d4       100%        1
 Summon Small Mammal      Summ           0%         N/A       100%        1
 Call Imp                 Summ           0%         N/A       100%        2
 Call Canine Familiar     Summ           0%         N/A       100%        3
 Summon Guardian Golem    Hex/Summ       0%         N/A       100%        3
 Vampiric Draining        Necr           0%         2d6       100%        3
 Animate Armour           Summ/Erth      0%         N/A       100%        4
 Animate Dead             Necr           0%         N/A       100%        4
 Leda's Liquefaction      Hex/Erth       0%         N/A       100%        4
 Summon Ice Beast         Ice/Summ       0%         N/A       100%        4
 Summon Lightning Spire   Summ/Air       0%         N/A       100%        4
 Agony                    Necr           0%         N/A       100%        5
 Bolt of Magma            Conj/Fire/Erth 0%         4d4       100%        5
 Iron Shot                Conj/Erth      0%         9d1       100%        6
 Statue Form              Tmut/Erth      0%         N/A       100%        6
 Borgnjor's Revivificati  Necr           0%         N/A       100%        8
 Infestation              Necr           0%         N/A       100%        8
 Necromutation            Tmut/Necr      0%         N/A       100%        8
 Death's Door             Necr           0%         N/A       100%        9
 Shatter                  Erth           0%         3d5*      100%        9


Dungeon Overview and Level Annotations

Branches:
Dungeon (8/15)             Temple (1/1) D:5            Lair (0/6) D:8

Altars:
Ashenzari
Cheibriados
Dithmenos
Elyvilon
Fedhas
Gozag
Hepliaklqana
Kikubaaqudgha
Makhleb
Nemelex Xobeh
Okawaru
Ru
Sif Muna
Trog
Uskayaw
Vehumet
Wu Jian
Xom
Yredelemnul
Zin
The Shining One

Shops:
D:6 :


Innate Abilities, Weirdness & Mutations

You have a pair of antennae on your head.
You are partially covered in slimy green scales. (AC +2)
You sometimes emit foul miasma when damaged in melee.
You are completely covered in sharp spines.


Message History

The death yak is moderately wounded.
The death yak gores you but does no damage.
You slash the death yak!
The death yak is moderately wounded.
You feel the effects of Trog's Hand fading.
The death yak gores you but does no damage.
The death yak closely misses you.
Your ogre goes berserk!
Trog will no longer gift you weapons.
You feel yourself speed up.
The orc warrior hits you but does no damage.
The orc wizard gestures at itself while chanting.
The orc wizard flickers and vanishes!
Deactivating autopickup; reactivate with Ctrl-A.
The death yak gores you but does no damage.
The orc warrior hits you but does no damage.
Your plate armour prevents you from hitting the death yak.
The death yak is moderately wounded.
The death yak gores you but does no damage.
The death yak gores your ogre!
Your ogre hits the death yak with a +0 giant club!
The death yak gores your ogre!!
Your ogre dies!
Your ogre's corpse disappears in a puff of smoke!
Your skin stops crawling.
You feel less strong-willed.
An orc wizard appears from thin air!
Reactivating autopickup.
The orc warrior hits you from afar with a +0 trident.
The death yak gores you!!
* * * LOW HITPOINT WARNING * * *
You emit a cloud of foul miasma!
You slash the death yak!
Your weapon exudes an aura of protection.
The death yak is severely wounded.
The orc warrior hits you from afar with a +0 trident.
* * * LOW HITPOINT WARNING * * *
The death yak is engulfed in dark miasma.
The death yak is poisoned.
The death yak is struck by your spines. The death yak gores you!
You die...

#....###†.## ###.....#..#
#..........###
#............###
#.............#
##.............# ####
###..............# ####..#
.......(.........# ####....#
.....#####......@###....##.##
.###.## ########YY..[###...##
.###..# #Yo####......#
......# ##{###.......#
......# #o#.........# ......#
#o#........## #.....#
#.#........# ##...##
#.o#......## .....#
##o##.....#


You could see 3 death yaks, an orc warrior, an orc wizard and an orc.

Vanquished Creatures
  3 death yaks
  A deep elf pyromancer (D:7)
  4 centaur zombies
  Joseph (D:8)
  An unseen horror (D:7)
  Grinder (D:3)
  Sigmund (D:2)
  9 yaks (D:8)
  A steam dragon (D:7)
  2 water moccasins
  An orc warrior (D:6)
  A necrophage (D:6)
  An ice beast (D:6)
  2 ogres
  2 black bears
  A centaur (D:6)
  A phantom (D:4)
  A kobold brigand (D:6)
  A bullfrog (D:6)
  4 scorpions
  A wyvern zombie (D:7)
  2 gnoll sergeants
  A water moccasin zombie (D:6)
  A water moccasin skeleton (D:5)
  4 howler monkeys
  A crimson imp (D:6)
  4 bullfrog zombies (D:6)
  An orc priest (D:3)
  A centaur skeleton (D:6)
  6 hounds
  A jelly (D:5)
  2 bullfrog skeletons
  2 iguanas
  Jessica (D:2)
  Terence (D:2)
  Natasha (thrice) (D:2)
  An orc wizard (D:6)
  2 hound skeletons
  A howler monkey zombie (D:6)
  2 howler monkey skeletons
  9 gnolls
  5 adders
  2 white imps (D:7)
  2 ufetubi
  4 worms
  3 dart slugs (D:1)
  12 orcs
  8 ball pythons
  5 endoplasms
  3 giant cockroaches
  13 goblins
  4 hobgoblins
  10 jackals
  3 quokkas
  4 bats
  2 frilled lizards
  A goblin skeleton (D:6)
  A goblin zombie (D:6)
  2 hobgoblin zombies (D:6)
  13 kobolds
  A kobold skeleton (D:6)
  2 kobold zombies (D:6)
  An orc skeleton (D:6)
  An orc zombie (D:6)
  6 rats
194 creatures vanquished.

Vanquished Creatures (others)
  A sky beast (D:6)
  A fungus (D:1)
  4 plants (D:1)
  A withered plant (D:6)
7 creatures vanquished.

Grand Total: 201 creatures vanquished

Notes
Turn   | Place    | Note
-------+----------+-------------------------------------------
     0 | D:1      | maxwell1 the Demonspawn Berserker began the quest for the
                  | Orb.
     0 | D:1      | Reached XP level 1. HP: 18/18 MP: 1/1
   175 | D:1      | Gained mutation: You are partially covered in sharp spines.
                  | [demonic ancestry]
   175 | D:1      | Reached XP level 2. HP: 24/24 MP: 2/2
   217 | D:1      | Reached skill level 3 in Long Blades
   247 | D:1      | Found a faded altar of an unknown god.
   622 | D:1      | Gained mutation: You have a pair of small antennae on your
                  | head. [demonic ancestry]
   622 | D:1      | Reached XP level 3. HP: 23/29 MP: 3/3
   824 | D:1      | Reached ** piety under Trog
  1053 | D:2      | Noticed Terence
  1061 | D:2      | Killed Terence
  1195 | D:2      | Noticed Jessica
  1205 | D:2      | Killed Jessica
  1206 | D:2      | Reached XP level 4. HP: 19/37 MP: 4/4
  1380 | D:2      | Noticed Sigmund
  1395 | D:2      | Killed Sigmund
  1396 | D:2      | Reached skill level 4 in Long Blades
  1396 | D:2      | Gained mutation: You are partially covered in slimy green
                  | scales. (AC +2) [demonic ancestry]
  1396 | D:2      | Reached XP level 5. HP: 29/42 MP: 5/5
  1771 | D:2      | Noticed Natasha
  1796 | D:2      | Killed Natasha
  1797 | D:2      | Gained mutation: You may rarely emit foul miasma when
                  | damaged in melee. [demonic ancestry]
  1797 | D:2      | Reached XP level 6. HP: 31/48 MP: 6/6
  1898 | D:2      | Noticed Natasha
  1908 | D:2      | Killed Natasha
  2236 | D:2      | Noticed Natasha
  2241 | D:2      | Killed Natasha
  2563 | D:3      | Noticed a +0 short sword
  2564 | D:3      | Noticed a +0 falchion
  2567 | D:3      | Noticed a +0 falchion
  2568 | D:3      | Noticed a +0 short sword
  2573 | D:3      | Noticed a +0 dagger
  2575 | D:3      | Noticed a +0 dagger
  2575 | D:3      | Noticed a +0 spear
  2577 | D:3      | Noticed a +0 spear
  2605 | D:3      | Found a hide-covered altar of Uskayaw.
  2683 | D:3      | Reached skill level 5 in Long Blades
  2706 | D:3      | Noticed Grinder
  2723 | D:3      | Paralysed by Grinder for 7 turns
  2730 | D:3      | Killed Grinder
  2731 | D:3      | Gained mutation: You sometimes emit foul miasma when
                  | damaged in melee. [demonic ancestry]
  2731 | D:3      | Reached XP level 7. HP: 6/55 MP: 7/7
  3132 | D:3      | Found a hazy altar of Hepliaklqana.
  3718 | D:4      | Found a sparkling altar of Nemelex Xobeh.
  3869 | D:4      | Reached skill level 6 in Long Blades
  3886 | D:4      | Reached skill level 5 in Fighting
  3960 | D:4      | Reached *** piety under Trog
  4054 | D:4      | Gained mutation: You have a pair of antennae on your head.
                  | [demonic ancestry]
  4054 | D:4      | Reached XP level 8. HP: 14/62 MP: 8/8
  4785 | D:5      | Entered Level 5 of the Dungeon
  4819 | D:5      | Found a staircase to the Ecumenical Temple.
  4838 | Temple   | Entered the Ecumenical Temple
  5247 | D:5      | Reached skill level 5 in Armour
  5379 | D:5      | Reached skill level 7 in Long Blades
  6095 | D:6      | Reached **** piety under Trog
  6156 | D:6      | Found Kapokag's Book Shop.
  6228 | D:6      | Reached XP level 9. HP: 68/68 MP: 9/9
  6487 | D:6      | Reached skill level 8 in Long Blades
  6578 | D:6      | Reached skill level 1 in Stealth
  7073 | D:6      | Reached ***** piety under Trog
  7612 | D:7      | Reached skill level 9 in Long Blades
  8209 | D:7      | Identified the +5 ring mail of Peuteria {rElec rPois}
  8256 | D:7      | Noticed a deep elf pyromancer
  8284 | D:7      | Killed a deep elf pyromancer
  8285 | D:7      | Gained mutation: You are mostly covered in sharp spines.
                  | [demonic ancestry]
  8285 | D:7      | Reached XP level 10. HP: 55/79 MP: 10/10
  8980 | D:8      | Noticed a death yak
  8980 | D:8      | Noticed a death yak
  8981 | D:8      | Noticed a death yak
  8988 | D:8      | Noticed a death yak
  8990 | D:8      | Noticed a death yak
  9027 | D:7      | Killed a death yak
  9028 | D:7      | Reached skill level 10 in Long Blades
  9399 | D:8      | Found a bloodstained altar of Trog.
  9498 | D:8      | Found a staircase to the Lair.
  9725 | D:8      | Noticed Joseph
  9744 | D:8      | Killed Joseph
  9794 | D:8      | Noticed a death yak
  9850 | D:8      | Killed a death yak
  9851 | D:8      | Reached skill level 1 in Shields
  9863 | D:8      | Killed a death yak
  9864 | D:8      | Reached skill level 11 in Long Blades
  9864 | D:8      | Gained mutation: You are completely covered in sharp
                  | spines. [demonic ancestry]
  9864 | D:8      | Reached XP level 11. HP: 36/86 MP: 11/11
  9885 | D:8      | Slain by a death yak

Illustrated notes

Levels and vault maps discovered:
D:1:      noname_arrival_rooms_in_the_neighbourhood, layout_loops_ring,
          shapermc_ecumenical_altar_mp_ritualfount
D:2:      layout_loops_cross, uniq_sigmund, uniq_jessica, uniq_terence,
          uniq_natasha
D:3:      layout_loops_cross, nicolae_uskayaw_en_pointe,
          worldfamousw_hep_ancestral_shrine, marbit_many_paths, uniq_grinder
D:4:      minmay_angry_zag, layout_loops_ring, lemuel_crystal_altar
D:5:      kennysheep_spiral_hall, layout_basic, minmay_temple_entry_tees
D:6:      layout_rooms, nicolae_tso_besieged_by_evil, serial_undead,
          serial_undead_c, serial_undead_b, serial_undead_c, serial_undead_e,
          serial_shops, shop, minmay_strange_pillars, minmay_pentangle
D:7:      layout_basic, lightli_corner_chamber
D:8:      layout_cave_pods, amcnicky_altar_gilded, dpeg_lair_monsters,
          uniq_joseph
Temple:   regret_index_temple_waves

Skill      XL: |  1  2  3  4  5  6  7  8  9 10 |
---------------+-------------------------------+-----
Long Blades    | 3 4 5 6 7 9 11 | 11.0
Armour         | 2 3 4 6 7 8 |  8.8
Dodging        | 2 3 |  3.6
Fighting       | 4 5 7 |  7.9
Stealth        | 1 |  1.1
Shields        | 1 |  1.1
Evocations     | |  0.2

Action                   |  1- 3 |  4- 6 |  7- 9 | 10-12 || total
-------------------------+-------+-------+-------+-------++-------
Melee: Falchion          |    64 |   106 |   188 |       ||   358
       Scimitar          |       |       |   167 |   108 ||   275
Invok: Berserk           |     1 |     2 |     2 |     2 ||     7
       Trog's Hand       |       |     1 |       |     2 ||     3
       Brothers in Arms  |       |       |       |     1 ||     1
Evoke: Wand              |       |       |     1 |       ||     1
  Use: Potion            |       |     1 |     3 |     3 ||     7
       Scroll            |       |       |    10 |     1 ||    11
Armor: Leather armour    |     8 |       |       |       ||     8
       Scale mail        |       |    43 |     5 |       ||    48
       Plate armour      |       |       |   195 |    74 ||   269
Dodge: Dodged            |    35 |    33 |   201 |    43 ||   312
Block: Buckler           |       |       |     7 |    11 ||    18
       Rpst.: Falchion   |    12 |     6 |    27 |       ||    45
       Scimitar          |       |       |    23 |    11 ||    34

Table legend: (Time is in decaauts)
 A = Elapsed time spent in this place.
 B = Non-inter-level travel time spent in this place.
 C = Inter-level travel time spent in this place.
 D = Time resting spent in this place.
 E = Time spent auto-exploring this place.
 F = Levels seen in this place.
 G = Mean time per level.
                   A        B        C        D        E       F      G
               +--------+--------+--------+--------+--------+-----+--------+
         Total |   9978 |   9426 |    552 |   1794 |   4462 |   9 | 1108.7 |
       Dungeon |   9791 |   9314 |    477 |   1794 |   4462 |   8 | 1223.9 |
        Temple |    186 |    111 |     75 |      0 |      0 |   1 |  186.0 |
               +--------+--------+--------+--------+--------+-----+--------+

Top non-repeatable levels by time:
     D:7: 2013 daAuts
     D:2: 1415 daAuts
     D:3: 1311 daAuts
     D:6: 1271 daAuts
     D:5: 1104 daAuts
     D:4: 1067 daAuts
     D:1: 1051 daAuts
     D:8: 556 daAuts
  Temple: 186 daAuts
